 Dungeon Sprint DCSS version 0.18.1-8-gdd0e5ea (webtiles) character file.

5385 Hipnos the Imperceptible (level 10, -21/44 HPs)
             Began as a Spriggan Enchanter on May 21, 2016.
             Was the Champion of Sif Muna.
             Killed from afar by a deep elf annihilator (60 damage)
             ... with a crystal spear
             ... in the Dungeon (Sprint I: "Red Sonja").
             The game lasted 00:06:52 (1051 turns).

Hipnos the Imperceptible (Spriggan Enchanter)       Turns: 1051, Time: 00:06:55

Health: -21/44     AC:  3    Str:  4    XL:     10   Next: 39%
Magic:  23/28      EV: 24    Int: 26    God:    Sif Muna [******]
Gold:   831        SH:  0    Dex: 16    Spells: 5 memorised, 21 levels left

rFire  . . .     SeeInvis +     l - +10 dagger of Impeachment {freeze, rElec Int+5}
rCold  . . .     Gourm    .     b - +1 robe
rNeg   . . .     Faith    .     (shield restricted)
rPois  .         Spirit   .     (helmet restricted)
rElec  +         Dismiss  .     (no cloak)
rCorr  .         Reflect  .     (gloves unavailable)
SustAt .         Harm     .     (boots unavailable)
MR     +....     NoTele   +     (no amulet)
Stlth  +++++++++.               (no ring)
                                (no ring)

@: mesmerised, very quick, somewhat resistant to hostile enchantments,
incredibly stealthy
A: unfitting armour, see invisible, herbivore 3, speed 3, slow metabolism 2
a: Channel Energy, Forget Spell, Renounce Religion


You were in the Dungeon.
You worshipped Sif Muna.
Sif Muna was exalted by your worship.
You were not hungry.

You visited 1 branch You collected 831 gold pieces.

Inventory:

Hand Weapons
 a - a +1 dagger
 l - the +10 dagger of Impeachment (weapon) {freeze, rElec Int+5}
   (You found it in the Dungeon)

   It has been specially enchanted to freeze those struck by it, causing extra
   injury to most foes and up to half again as much damage against particularly
   susceptible opponents.
   It can also slow down cold-blooded creatures.
   It affects your intelligence (+5).
   It insulates you from electricity.
Armour
 b - a +1 robe (worn)
Scrolls
 m - a scroll of identify {unknown}
Potions
 f - a potion of heal wounds
 h - 2 potions of magic
 i - a potion of berserk rage
 k - a potion of lignification {unknown}
Books
 c - a book of Maledictions

   Spells                             Type                      Level
   a - Corona                         Hexes                        1
   b - Ensorcelled Hibernation        Hexes/Ice                    2
   c - Confuse                        Hexes                        3
   d - Tukima's Dance                 Hexes                        3
   e - Dazzling Spray                 Conjuration/Hexes            3
 g - Sif Muna's Papyrus of Shifting Malediction
   (Sif Muna gifted it to you in the Dungeon)

   Spells                             Type                      Level
   a - Leda's Liquefaction            Hexes/Earth                  4
   b - Cause Fear                     Hexes                        4
   c - Metabolic Englaciation         Hexes/Ice                    5
   d - Summon Mana Viper              Hexes/Summoning              5
Comestibles
 d - a bread ration


   Skills:
 + Level 1.5 Short Blades
 + Level 8.6 Dodging
 * Level 22.3 Stealth
 * Level 13.4 Spellcasting
 * Level 16.1 Hexes
 * Level 2.0 Summonings


You had 21 spell levels left.
You knew the following spells:

 Your Spells              Type           Power        Failure   Level  Hunger
a - Corona                Hex            #######      0%          1    None
b - Ensorcelled Hibernat  Hex/Ice        ######       1%          2    None
c - Confuse               Hex            #######.     0%          3    None
d - Dazzling Spray        Conj/Hex       ######..     1%          3    None
e - Summon Mana Viper     Hex/Summ       ######..     2%          5    ##.....


Dungeon Overview and Level Annotations

Branches:
Dungeon (1/1)

Altars:
Cheibriados
Dithmenos
Elyvilon
Fedhas
Gozag
Kikubaaqudgha
Makhleb
Nemelex Xobeh
Okawaru
Pakellas
Qazlal
Ru
Sif Muna
Trog
Vehumet
Xom
Yredelemnul
Zin
The Shining One
Jiyva

Shops:
D [?[


Innate Abilities, Weirdness & Mutations

You are tiny and cannot use many weapons and most armour.
You have supernaturally acute eyesight.
You are a herbivore.
You cover ground extremely quickly.
You need consume almost no food.


Message History

The deep elf annihilator shouts!
The siren shouts! x2
The siren hits you with a spear!
The siren chants a haunting song.
You are mesmerised by the siren!
You cannot move away from the siren!
Drink which item? (? for menu, Esc to quit)
You feel better. The hellwing completely misses you. x2
The siren chants its luring song.
The siren barely misses you.
You cannot move away from the siren!
Casting: Ensorcelled Hibernation
Confirm with . or Enter, or press ? or * to list all spells.
Okay, then.
Casting: Ensorcelled Hibernation
Confirm with . or Enter, or press ? or * to list all spells.
A mana viper appears with a sibilant hiss.
The deep elf annihilator gestures at you while chanting.
The crystal spear hits you!
Ouch! That really hurt!
You die...

##################
§..†§§§.§§§§§§#^^+
§####§§§§.##§§'^^#
.# ##§§§#######'#
.# ###+# #..# ##
#.# #..##
#..###$#..4###
##.#A#$#.@≈e=#
.###$#Sm≈.##
##..$#..≈##
+###.y≈# ≈y.##


M≈my# ##.y# +..# You could see a deep elf annihilator, a mummy priest, a
hellwing, 2 sirens, 4 wasps and a friendly mana viper.

Vanquished Creatures
  A hydra (D)
  Sonja (D)
  A deep troll (D)
  A lindwurm (D)
  2 kobold demonologists (D)
  A slime creature (D)
  Sigmund (D)
  A yak (D)
  13 hogs (D)
  2 giant eyeballs (D)
  An ogre (D)
  A jelly (D)
  Ijyb (D)
27 creatures vanquished.

Notes
Turn   | Place    | Note
--------------------------------------------------------------
     0 | D        | Hipnos the Spriggan Enchanter began the quest for the Orb.
     0 | D        | Reached XP level 1. HP: 9/9 MP: 5/5
     1 | D        | Noticed Ijyb
     4 | D        | Killed Ijyb
     4 | D        | Reached skill level 6 in Stealth
     4 | D        | Reached skill level 5 in Hexes
     4 | D        | Reached XP level 2. HP: 13/13 MP: 6/8
    11 | D        | Learned a level 2 spell: Ensorcelled Hibernation
    15 | D        | Noticed an ogre
    18 | D        | Killed an ogre
    18 | D        | Reached skill level 9 in Stealth
    18 | D        | Reached skill level 5 in Spellcasting
    18 | D        | Reached XP level 3. HP: 16/16 MP: 7/10
    18 | D        | Reached XP level 4. HP: 21/21 MP: 8/12
    30 | D        | Learned a level 3 spell: Confuse
    33 | D        | Noticed Sigmund
    36 | D        | Killed Sigmund
    36 | D        | Reached skill level 12 in Stealth
    36 | D        | Reached skill level 10 in Hexes
    36 | D        | Reached XP level 5. HP: 24/24 MP: 11/15
    48 | D        | Found a deep blue altar of Sif Muna.
    50 | D        | Found a radiant altar of Vehumet.
    54 | D        | Became a worshipper of Sif Muna the Loreminder
    56 | D        | Reached XP level 6. HP: 28/28 MP: 13/16
    78 | D        | Found Qamilaj's Magic Scroll Emporium.
    78 | D        | Found a white marble altar of Elyvilon.
    78 | D        | Found a stormy altar of Qazlal.
    78 | D        | Found a burning altar of Makhleb.
    78 | D        | Found a sacrificial altar of Ru.
    78 | D        | Found an oddly glowing altar of Pakellas.
    78 | D        | Found a basalt altar of Yredelemnul.
    78 | D        | Found a glowing golden altar of the Shining One.
    78 | D        | Found a sparkling altar of Nemelex Xobeh.
    78 | D        | Found a shimmering altar of Xom.
    78 | D        | Found an opulent altar of Gozag.
    78 | D        | Found an ancient bone altar of Kikubaaqudgha.
    78 | D        | Found a glowing silver altar of Zin.
    78 | D        | Noticed a yak
    79 | D        | Found an iron altar of Okawaru.
    80 | D        | Killed a yak
    80 | D        | Reached * piety under Sif Muna
    80 | D        | Reached skill level 5 in Dodging
    80 | D        | Reached skill level 13 in Stealth
    81 | D        | Found a bloodstained altar of Trog.
    92 | D        | Noticed Sonja
   102 | D        | Killed Sonja
   102 | D        | Reached ** piety under Sif Muna
   102 | D        | Reached skill level 16 in Stealth
   102 | D        | Reached XP level 7. HP: 32/32 MP: 14/20
   102 | D        | Reached XP level 8. HP: 36/36 MP: 15/22
   124 | D        | Found a snail-covered altar of Cheibriados.
   124 | D        | Found a viscous altar of Jiyva.
   124 | D        | Found a shadowy altar of Dithmenos.
   124 | D        | Found a blossoming altar of Fedhas.
   124 | D        | Noticed a slime creature
   128 | D        | Killed a slime creature
   128 | D        | Reached *** piety under Sif Muna
   128 | D        | Reached skill level 17 in Stealth
   138 | D        | Noticed a deep troll
   142 | D        | Killed a deep troll
   142 | D        | Reached skill level 18 in Stealth
   142 | D        | Reached skill level 10 in Spellcasting
   152 | D        | Found Dum Seitaohi's Armour Emporium.
   158 | D        | Got a smoking dagger
   159 | D        | Identified the +10 dagger of Impeachment {freeze, rElec Int+5} (You found it in the Dungeon)
   182 | D        | Found Vynocigo's Antique Armour Boutique.
   236 | D        | Noticed a kobold demonologist
   237 | D        | Noticed a kobold demonologist
   239 | D        | Reached **** piety under Sif Muna
   242 | D        | Killed a kobold demonologist
   242 | D        | Reached skill level 19 in Stealth
   242 | D        | Reached XP level 9. HP: 39/39 MP: 17/24
   246 | D        | Noticed a smoke demon
   247 | D        | Killed a kobold demonologist
   247 | D        | Reached ***** piety under Sif Muna
   255 | D        | Learned a level 3 spell: Dazzling Spray
   324 | D        | Noticed a demonic crawler
   324 | D        | Noticed a demonic crawler
   324 | D        | Noticed a demonic crawler
   324 | D        | Noticed a demonic crawler
   954 | D        | Noticed a lindwurm
   958 | D        | Killed a lindwurm
   958 | D        | Reached skill level 20 in Stealth
   958 | D        | Reached skill level 15 in Hexes
   970 | D        | Reached ****** piety under Sif Muna
   970 | D        | Received a gift from Sif Muna
   971 | D        | Identified Sif Muna's Papyrus of Shifting Malediction (Sif Muna gifted it to you in the Dungeon)
   980 | D        | Learned a level 5 spell: Summon Mana Viper
   987 | D        | Reached XP level 10. HP: 44/44 MP: 27/27
   988 | D        | Reached skill level 21 in Stealth
   998 | D        | Reached skill level 1 in Summonings
  1016 | D        | Noticed a daeva
  1023 | D        | Noticed a 12-headed hydra
  1025 | D        | Killed a 12-headed hydra
  1025 | D        | Reached skill level 22 in Stealth
  1044 | D        | Noticed a siren
  1045 | D        | Noticed a deep elf annihilator
  1047 | D        | Noticed a siren
  1049 | D        | Noticed a mummy priest
  1051 | D        | Killed from afar by a deep elf annihilator

Skill      XL: |  1  2  3  4  5  6  7  8  9 10 |
---------------+-------------------------------+-----
Stealth        | 6 9 12 16 19 20 22 | 22.3
Spellcasting   | 4 5 6 9 10 12 13 | 13.4
Hexes          | 5 8 10 13 14 15 16 | 16.1
Dodging        | 4 5 6 8 |  8.6
Summonings     | 2 |  2.0
Short Blades   | |  1.5

Action                   |  1- 3 |  4- 6 |  7- 9 | 10-12 || total
-------------------------+-------+-------+-------+-------++-------
Melee: Dagger            |     2 |     6 |    15 |    10 ||    33
 Cast: Confuse           |       |     1 |    10 |       ||    11
       Ensorcelled Hiber |       |       |     8 |     3 ||    11
       Summon Mana Viper |       |       |       |     1 ||     1
  Use: Potion            |       |       |     2 |     1 ||     3
       Scroll            |       |       |     1 |       ||     1
 Stab: Sleeping          |     2 |     3 |    14 |     6 ||    25
       Confused          |       |     2 |       |       ||     2
Armor: Robe              |       |       |     1 |       ||     1
Dodge: Dodged            |       |       |    25 |     4 ||    29
